Map: Dasan Station LE

Players

Elazer - Winner!

  • Race: Zerg Zerg
  • League: Master

Optimus

  • Race: Terran Terran

Event: DreamHack ZOWIE Open Valencia 2016

VOD

Have the link to the VOD?

Description

Time

  • Played on: July 14, 2016, 11:35 a.m.
  • Length: 9:49

All games in this series

Show
View Real Time Build Order
Export as new Build Order

Elazer Zerg - Winner!

Build Orders: Pool First 

Get SALT Encoding   

  12  0:00  Drone  
  13  0:12  Overlord  
  13  0:17  Drone  
  14  0:30  Drone  
  14  0:31  Drone  
  14  0:34  Drone  
  17  0:44  Spawning Pool  
  17  0:47  Drone  
  17  0:49  Extractor  
  17  1:08  Hatchery  
  17  1:11  Drone  
  17  1:14  Extractor  
  17  1:17  Drone  
  17  1:19  Drone  
  18  1:29  Drone  
  18  1:32  Queen  
  21  1:44  Roach Warren  
  21  1:46  Drone  
  21  1:52  Zergling x2  
  22  2:02  Overlord  
  22  2:19  Queen  
  24  2:25  Roach  
  26  2:30  Roach  
  26  2:37  Roach  
  29  2:41  Roach  
  32  2:44  Drone  
  32  2:46  Drone  
  33  2:52  Overlord  
  35  3:03  Ravager  
  35  3:05  Drone  
  35  3:06  Overlord  
  35  3:10  Drone x2  
  35  3:12  Ravager  
  38  3:15  Drone x2  
  40  3:21  Extractor  
  40  3:22  Drone x2  
  40  3:24  Drone x3  
  44  3:33  Drone, Overlord  
  44  3:34  Drone x2  
  47  3:43  Ravager, Overlord  
  48  3:54  Drone x3  
  51  4:00  Overlord, Extractor  
  51  4:01  Extractor  
  49  4:05  Drone  
  49  4:06  Drone  
  49  4:09  Overlord  
  51  4:11  Lair  
  51  4:14  Drone x2  
  51  4:17  Drone x2, Hatchery  
  52  4:18  Drone  
  55  4:27  Overlord  
  55  4:28  Drone  
  56  4:32  Ravager  
  56  4:34  Queen  
  59  4:41  Overlord  
  59  4:45  Drone  
  60  4:46  Roach x3  
  60  4:47  Roach  
  68  4:58  Roach x3  
  74  5:05  Overlord  
  74  5:09  Metabolic Boost  
  74  5:10  Spire  
  74  5:11  Queen  
  74  5:13  Queen  
  77  5:18  Glial Reconstitution  
  77  5:20  Drone x2  
  80  5:21  Drone  
  80  5:22  Drone  
  80  5:24  Overseer  
  81  5:29  Overlord  
  81  5:30  Drone x2  
  81  5:33  Drone x2  
  81  5:34  Drone  
  86  5:38  Queen  
  88  5:44  Drone  
  88  5:45  Drone  
  88  5:46  Drone  
  88  5:48  Overlord  
  91  5:53  Extractor, Overlord  
  91  5:55  Extractor  
  89  5:59  Drone x3  
  89  6:04  Overlord  
  92  6:06  Drone x2  
  94  6:12  Drone  
  93  6:19  Overlord  
  93  6:23  Drone x2, Mutalisk x2  
  93  6:24  Mutalisk x4  
  107  6:26  Mutalisk  
  109  6:33  Zerg Flyer Weapons Level 1  
  109  6:35  Zergling x4  
  107  6:44  Drone  
  107  6:45  Drone  
  107  6:47  Mutalisk  
  107  6:49  Mutalisk  
  107  6:51  Mutalisk  
  107  6:53  Hatchery  
  110  6:58  Zergling x4  
  112  7:01  Overlord  
  112  7:03  Ravager x2  
  112  7:08  Roach x2  
  118  7:15  Roach x3  
  122  7:19  Roach  
  124  7:28  Drone, Overlord  
  124  7:29  Drone x3  
  124  7:34  Mutalisk  
  126  7:39  Mutalisk x2  
  130  7:46  Mutalisk x2  
  130  7:50  Mutalisk  
  136  7:54  Roach x2  
  139  8:11  Roach x8  
  147  8:19  Roach x4  
  151  8:24  Overlord  
  151  8:27  Ravager x4  
  148  8:29  Zergling x6  
  154  8:35  Roach  
  154  8:36  Roach  
  154  8:51  Mutalisk x3  
  154  8:53  Overlord x3  
  153  9:06  Roach x3  
  153  9:18  Roach x5  
  153  9:19  Roach x3  
  153  9:21  Ravager x3  
  172  9:24  Ravager  
  169  9:43  Ravager  
Show
View Real Time Build Order
Export as new Build Order

Optimus Terran 

Build Orders: Reaper Expand, MMM Bio 

Get SALT Encoding   

  12  0:00  SCV  
  13  0:13  SCV  
  14  0:17  Supply Depot  
  14  0:25  SCV  
  15  0:38  SCV  
  15  0:40  Barracks  
  16  0:42  Refinery  
  16  0:50  SCV  
  17  1:02  SCV  
  18  1:14  SCV  
  19  1:27  Orbital Command, Reaper  
  20  1:42  Command Center  
  20  1:53  Barracks  
  20  2:00  Barracks Reactor  
  20  2:01  SCV  
  21  2:06  Supply Depot  
  21  2:13  SCV  
  22  2:16  Refinery  
  22  2:25  SCV  
  23  2:30  Bunker  
  23  2:36  Marine x2  
  24  2:38  Factory  
  24  2:41  Barracks Tech Lab  
  24  2:47  SCV  
  25  2:53  Bunker  
  25  2:57  Marine x2  
  27  3:05  Stimpack  
  27  3:07  Marine  
  27  3:12  SCV  
  29  3:18  Orbital Command  
  29  3:22  Marine  
  29  3:23  Marine  
  31  3:28  SCV  
  32  3:34  Marine  
  32  3:40  SCV, Marine  
  34  3:46  Marine  
  31  3:52  Supply Depot  
  31  4:02  SCV  
  30  4:03  SCV  
  30  4:04  Marine  
  29  4:13  Marine, Starport  
  33  4:20  SCV x2  
  34  4:25  Supply Depot  
  34  4:26  Marine  
  34  4:27  Factory Reactor  
  33  4:31  Marine  
  33  4:32  SCV  
  33  4:35  SCV  
  36  4:41  Barracks  
  36  4:44  Marine, SCV  
  38  4:47  SCV  
  38  4:49  Marine  
  40  4:53  Supply Depot  
  40  4:56  SCV  
  40  4:59  SCV  
  42  5:07  Marine, Medivac  
  45  5:08  Factory Tech Lab  
  45  5:10  Barracks Reactor  
  45  5:11  Combat Shields  
  45  5:15  Supply Depot, Medivac  
  45  5:16  SCV  
  45  5:17  SCV  
  49  5:23  Barracks  
  49  5:25  Marine  
  49  5:28  SCV, Refinery  
  50  5:32  Siege Tank  
  54  5:39  Barracks  
  54  5:47  Medivac x2  
  54  5:48  Marine  
  59  5:50  Barracks Reactor  
  59  5:51  SCV  
  59  5:55  Supply Depot  
  60  6:03  SCV  
  62  6:07  Marine  
  62  6:12  Supply Depot  
  62  6:16  SCV x2, Siege Tank  
  62  6:17  Barracks Reactor  
  66  6:21  Marine x2  
  66  6:24  Marine  
  68  6:28  SCV x2  
  68  6:32  Supply Depot  
  70  6:33  Medivac  
  70  6:34  Barracks Reactor  
  70  6:35  Supply Depot  
  72  6:41  Marine x2  
  72  6:44  Marine x2  
  72  6:45  Marine  
  77  6:47  SCV  
  77  6:52  Supply Depot  
  77  6:53  Siege Tank  
  83  7:01  Marine x3  
  83  7:02  Marine x3  
  83  7:03  Liberator x2  
  83  7:05  Marine  
  83  7:06  Supply Depot  
  88  7:19  Marine x4  
  98  7:22  Marine  
  98  7:23  Marine  
  98  7:29  Marine x3  
  102  7:34  Siege Tank  
  105  7:37  Marine  
  105  7:40  Marine x3  
  109  7:46  Engineering Bay  
  109  7:47  Marine  
  109  7:48  Marine  
  109  7:50  Marine  
  112  8:00  Marine x6  
  112  8:05  Marine  
  117  8:12  Marine x2  
  110  8:18  Marine x6  
  110  8:22  Marine  
  111  8:30  Marine x2  
  113  8:36  Marine x3  
  113  8:38  Marine x2  
  113  8:39  Supply Depot  
  118  8:49  Marine  
  118  8:58  Supply Depot  
  118  9:00  Marine x5, Siege Tank  
  122  9:09  Supply Depot  
  106  9:17  Marine  
  106  9:18  Marine x5  

Tags
 
Add a new tag
Caveats
  • Supply blocks, unpowered buildings, or Contaminate may cause inaccurate times.
  • Supply counts are checked every 10 seconds.